 Dungeon Sprint DCSS version 0.31.0-12-g77e489cdc1 (webtiles) character file.

Game seed: 4211554273815701928

21973 Heoruswealwe the Phalangite (level 12, -7/132 HPs)
             Began as a Minotaur Fighter on Feb 14, 2024.
             Was an Initiate of Gozag.
             Hit by a large rock thrown by a stone giant (42 damage)
             ... in the Dungeon (Sprint IX: "|||||||||||||||||||||||||||||").
             The game lasted 00:21:54 (2879 turns).

Heoruswealwe the Phalangite (Minotaur Fighter)      Turns: 2879, Time: 00:21:55

Health: -7/132     AC: 27    Str: 34    XL:     12   Next: 58%
Magic:  11/11      EV:  9    Int:  5    God:    Gozag
Gold:   3705       SH:  0    Dex: 11    Spells: 11/11 levels left

rFire   . . .        b - +7 bardiche
rCold   . . .        (shield currently unavailable)
rNeg    . . .        c - +0 plate armour {rPois}
rPois   +            g - +2 hat
rElec   .            h - +0 cloak
rCorr   .            f - +1 pair of gloves {Str+3}
SInv    .            e - +0 pair of boots
Will    .....        (no amulet) Stlth
                     k - +3 ring of strength
HPRegen 0.42/turn    j - +3 ring of strength
MPRegen 0.12/turn

%: no teleportation
@: slowed, very slow
A: horns 2, retaliatory headbutt
a: Renounce Religion, Potion Petition, Call Merchant, Bribe Branch


You were in the Dungeon.
You worshipped Gozag.
Gozag was most pleased with you.
You visited 1 branch You collected 10089 gold pieces.
You spent 1535 gold pieces at shops.
You paid 4849 gold pieces to Gozag.

Inventory:

Hand Weapons
 a - a +0 trident
 b - a +7 bardiche (weapon)
Armour
 c - a +0 plate armour of poison resistance (worn)
 d - a +0 buckler
 e - a +0 pair of boots (worn)
 f - a +1 pair of gloves of strength (worn)
 g - a +2 hat (worn)
 h - a +0 cloak (worn)
Jewellery
 j - a +3 ring of strength (right hand)
 k - a +3 ring of strength (left hand)
Wands
 r - a wand of quicksilver (10)
Scrolls
 n - 4 scrolls of blinking
 t - a scroll of identify
Potions
 i - 5 potions of mutation
 l - 16 potions of curing
 m - a potion of ambrosia
 o - a potion of resistance
 q - a potion of might
 s - a potion of heal wounds
 u - a potion of cancellation
 v - a potion of berserk rage


   Skills:
 + Level 19.9 Fighting
 * Level 26.6 Polearms
 + Level 19.9 Armour
 - Level 3.6 Shields


You had 11 spell levels left.
You didn't know any spells.
Your spell library was empty.

Dungeon Overview and Level Annotations

Branches:
Dungeon (1/1)

Altars:
Cheibriados
Dithmenos
Elyvilon
Fedhas
Gozag
Hepliaklqana
Kikubaaqudgha
Makhleb
Nemelex Xobeh
Okawaru
Qazlal
Ru
Sif Muna
Trog
Uskayaw
Vehumet
Wu Jian
Xom
Yredelemnul
Zin
The Shining One
Jiyva
Lugonu

Shops:
D (((*(!!(


Innate Abilities, Weirdness & Mutations

You have a pair of horns on your head.
You reflexively headbutt those who attack you in melee.


Message History

The ettin is distracted by your dazzling golden aura.
You slice the stone giant like a ripe choko!!!
The stone giant is severely wounded.
The ettin is no longer distracted by gold.
The stone giant hits you but does no damage.
You barely miss the stone giant.
The stone giant is severely wounded.
The stone giant hits you but does no damage.
You barely miss the stone giant.
You headbutt the stone giant, but do no damage.
The stone giant is severely wounded.
The stone giant barely misses you. You furiously retaliate!
You headbutt the stone giant. You slash the stone giant!
You headbutt the stone giant.
You kill the stone giant!
You carve the ettin like a ham!!!!
You kill the ettin!
You now have enough gold to fund merchants seeking to open stores in the dungeon.
You now have 2490 gold pieces (gained 873).
There is a broken door to the Dungeon, spattered with blood here.
Items here: ( )))).
You now have enough gold to bribe branches to halt enemies' attacks and recruit allies.
You now have 3255 gold pieces (gained 765).
Items here: ( ))) [[[.
You now have 3705 gold pieces (gained 450).
Things that are here:
a +0 arbalest; a +0 shortbow; a +0 arbalest A stone giant comes into view.
The stone giant shouts!
The stone giant throws a large rock.
The large rock hits you!
Things that are here:
a +0 arbalest; a +0 shortbow; a +0 arbalest The stone giant throws a large rock.
The large rock hits you!
* * * LOW HITPOINT WARNING * * *
Items here: ( ))) [[[.
There is a broken door to the Dungeon, spattered with blood here.
Items here: ( )))).
The stone giant throws a large rock.
The large rock hits you!!!
You die...
Your body crumbles into a pile of gold.

,*,*,*,*,*,*,*,▓.▓.▓.▓.▓.▓.▓)▓
,*,*,*,*,*,*,*,▓.▓.▓∩▓.▓.▓.▓.▓
+*,*,*,*,*,*,*,▓.▓.▓.▓.▓.▓.▓.▓
,*,*,*,*,*,*,*,▓C▓.▓∩▓.▓.▓.▓.▓
,*,*,*,*,*,*,*,▓.▓.▓.▓.▓.▓.▓.▓
,*,*,*,*,*,*,*,▓.▓.▓∩▓.▓.▓.▓[▓
,*,*,*,*,*,*+*,▓.▓.▓.▓.▓.▓.▓[▓
,*,*,*,*,*,*,*,▓)▓.▓.▓.▓.▓.▓)▓
,*,*,*,*,*,*,*,▓@▓.▓.▓.▓.▓.▓?▓
,*,*,*,*,*,*,*,▓)▓.▓.▓.▓.▓.▓!▓
,*,*,*,*,*,*,*,▓.▓.▓!▓.▓'▓.▓'▓
,*,*,*,*,*,*,*,▓.▓.▓)▓.▓.▓.▓_▓
,*,*,*,*,*,*,*,▓.▓.▓.▓.▓.▓.▓_▓
,*,*,*,*,*,*,*,▓.▓.▓.▓.▓.▓.▓_▓
,*,*,*,*,*,*,*,▓.▓.▓.▓.▓.▓.▓_▓
,*,*,*,*+*,*,*,▓.▓.▓.▓.▓.▓.▓_▓
+*,*,*,*,*,*+*,▓.▓.▓.▓.▓.▓.▓_▓


You could see a stone giant.

Vanquished Creatures
  A sphinx (D)
  Gastronok (D)
  A stone giant (D)
  A fire dragon (D)
  2 ettins (D)
  Josephine (D)
  A rakshasa (D)
  A hydra (D)
  2 ogre magi (D)
  A two-headed ogre (D)
  A centaur warrior (D)
  An orc high priest (D)
  5 orc knights (D)
  An orc sorcerer (D)
  4 cyclopes (D)
  4 cane toads (D)
  2 yaktaurs (D)
  2 komodo dragons (D)
  A troll (D)
  6 polar bears (D)
  A blink frog (shapeshifter) (D)
  3 blink frogs (D)
  4 yaks (D)
  A basilisk (D)
  5 wraiths (D)
  A vampire mosquito (D)
  2 water moccasins (D)
  3 black bears (D)
  An ice beast (D)
  11 orc warriors (D)
  An ogre (D)
  2 centaurs (D)
  A wolf (D)
  A gnoll sergeant (D)
  A scorpion (D)
  A howler monkey (D)
  A bombardier beetle (D)
  5 orc priests (D)
  An iguana (D)
  3 orc wizards (D)
  A white imp (D)
  12 orcs (D)
  2 endoplasms (D)
  A hobgoblin (D)
  A bat (D)
  A kobold (D)
106 creatures vanquished.

Notes
Turn   | Place    | Note
-------+----------+-------------------------------------------
     0 | D        | Heoruswealwe the Minotaur Fighter began the quest for the
                  | Orb.
     0 | D        | Reached XP level 1. HP: 19/19 MP: 0/0
     8 | D        | Reached skill level 3 in Polearms
    24 | D        | Noticed an ice beast
    24 | D        | Noticed an ogre
    24 | D        | Noticed an iguana
    24 | D        | Noticed a bombardier beetle
    32 | D        | Killed a bombardier beetle
    33 | D        | Reached skill level 5 in Fighting
    33 | D        | Reached skill level 6 in Polearms
    33 | D        | Reached skill level 5 in Armour
    33 | D        | Reached XP level 2. HP: 29/29 MP: 1/1
    33 | D        | Reached XP level 3. HP: 36/36 MP: 2/2
    42 | D        | Reached skill level 7 in Polearms
    48 | D        | Reached XP level 4. HP: 26/44 MP: 3/3
    51 | D        | Killed an ogre
    52 | D        | Reached skill level 9 in Polearms
    52 | D        | Reached XP level 5. HP: 11/52 MP: 4/4
    55 | D        | Killed an ice beast
    56 | D        | Reached skill level 10 in Polearms
    60 | D        | Found a snail-covered altar of Cheibriados.
    60 | D        | Found a shadowy altar of Dithmenos.
    60 | D        | Found a white marble altar of Elyvilon.
    60 | D        | Found a blossoming altar of Fedhas.
    60 | D        | Found an opulent altar of Gozag.
    61 | D        | Found a hazy altar of Hepliaklqana.
    62 | D        | Found a viscous altar of Jiyva.
    63 | D        | Found an ancient bone altar of Kikubaaqudgha.
    64 | D        | Found a corrupted altar of Lugonu.
    65 | D        | Found a burning altar of Makhleb.
    66 | D        | Found a sparkling altar of Nemelex Xobeh.
    67 | D        | Found an iron altar of Okawaru.
    68 | D        | Became a worshipper of Gozag Ym Sagoz the Greedy
    69 | D        | Found a stormy altar of Qazlal.
    70 | D        | Found a sacrificial altar of Ru.
    71 | D        | Found a shimmering blue altar of Sif Muna.
    72 | D        | Found a bloodstained altar of Trog.
    73 | D        | Found a hide-covered altar of Uskayaw.
    74 | D        | Found a radiant altar of Vehumet.
    75 | D        | Found an ornate altar of the Wu Jian Council.
    76 | D        | Found a shimmering altar of Xom.
    77 | D        | Found a basalt altar of Yredelemnul.
    78 | D        | Found a glowing silver altar of Zin.
    79 | D        | Found a glowing golden altar of the Shining One.
   201 | D        | Noticed a centaur
   201 | D        | Noticed a centaur
   201 | D        | Noticed a troll
   201 | D        | Noticed a wraith
   205 | D        | Killed a wraith
   206 | D        | Reached skill level 12 in Polearms
   206 | D        | Reached XP level 6. HP: 56/63 MP: 5/5
   214 | D        | Killed a troll
   215 | D        | Reached skill level 10 in Fighting
   215 | D        | Reached skill level 13 in Polearms
   215 | D        | Reached skill level 10 in Armour
   215 | D        | Reached XP level 7. HP: 54/73 MP: 6/6
   227 | D        | Reached skill level 14 in Polearms
   303 | D        | Noticed a two-headed ogre
   303 | D        | Noticed a cyclops
   303 | D        | Noticed a cyclops
   303 | D        | Noticed a five-headed hydra
   303 | D        | Noticed a vampire mosquito
   307 | D        | Killed an eight-headed hydra
   308 | D        | Reached skill level 15 in Polearms
   308 | D        | Reached XP level 8. HP: 83/83 MP: 7/7
   310 | D        | a sky beast changed into a blink frog
   310 | D        | Noticed a blink frog (shapeshifter)
   311 | D        | Reached skill level 16 in Polearms
   320 | D        | Killed a cyclops
   321 | D        | Reached XP level 9. HP: 42/92 MP: 8/8
   322 | D        | Reached skill level 17 in Polearms
   325 | D        | Killed a cyclops
   329 | D        | Killed a two-headed ogre
   330 | D        | Reached skill level 18 in Polearms
   602 | D        | Noticed a komodo dragon
   602 | D        | Noticed a cane toad
   602 | D        | Noticed a cane toad
   604 | D        | Killed a cane toad
   607 | D        | Killed a cane toad
   607 | D        | Noticed a cane toad
   608 | D        | Reached skill level 19 in Polearms
   610 | D        | Noticed a cane toad
   613 | D        | Reached XP level 10. HP: 83/104 MP: 9/9
   633 | D        | Killed a cane toad
   634 | D        | Reached skill level 20 in Polearms
   635 | D        | Killed a cane toad
   636 | D        | Reached skill level 15 in Fighting
   636 | D        | Reached skill level 15 in Armour
   834 | D        | Reached skill level 21 in Polearms
   982 | D        | Reached XP level 11. HP: 80/114 MP: 10/10
  1443 | D        | Noticed Gastronok
  1455 | D        | Killed Gastronok
  1456 | D        | Reached skill level 22 in Polearms
  1574 | D        | Noticed Josephine
  1591 | D        | Killed Josephine
  1711 | D        | Reached skill level 23 in Polearms
  1871 | D        | Noticed an orc sorcerer
  1880 | D        | Killed an orc sorcerer
  2056 | D        | Found Homelaj's Antique Weapon Boutique.
  2056 | D        | Noticed an orc knight
  2056 | D        | Noticed an orc knight
  2056 | D        | Noticed an orc knight
  2056 | D        | Noticed an orc knight
  2065 | D        | Killed an orc knight
  2066 | D        | Noticed an orc high priest
  2074 | D        | Killed an orc knight
  2081 | D        | Killed an orc knight
  2082 | D        | Reached skill level 24 in Polearms
  2088 | D        | Killed an orc knight
  2099 | D        | Noticed a sixfirhy
  2111 | D        | Killed an orc high priest
  2342 | D        | Found Jati Ehouce's Distillery.
  2346 | D        | Found Tery's Distillery.
  2350 | D        | Found Vudimm's Distillery.
  2352 | D        | Noticed an orc knight
  2372 | D        | Killed an orc knight
  2463 | D        | Bought a potion of mutation for 96 gold pieces
  2463 | D        | Bought a potion of heal wounds for 60 gold pieces
  2463 | D        | Bought a potion of mutation for 96 gold pieces
  2463 | D        | Bought a potion of curing for 36 gold pieces
  2463 | D        | Bought a potion of curing for 36 gold pieces
  2463 | D        | Bought a potion of curing for 36 gold pieces
  2463 | D        | Bought a potion of curing for 36 gold pieces
  2463 | D        | Bought a potion of attraction for 36 gold pieces
  2465 | D        | Bought a potion of curing for 39 gold pieces
  2465 | D        | Bought a potion of might for 52 gold pieces
  2465 | D        | Bought a potion of heal wounds for 65 gold pieces
  2465 | D        | Bought a potion of lignification for 39 gold pieces
  2465 | D        | Bought a potion of cancellation for 104 gold pieces
  2467 | D        | Bought a potion of mutation for 104 gold pieces
  2467 | D        | Bought a potion of curing for 39 gold pieces
  2467 | D        | Bought a potion of mutation for 104 gold pieces
  2467 | D        | Bought a potion of degeneration for 13 gold pieces
  2467 | D        | Bought a potion of heal wounds for 65 gold pieces
  2471 | D        | Bought 2 potions of brilliance for 96 gold pieces
  2507 | D        | Bought a bubbling golden potion for 27 gold pieces
  2507 | D        | Bought a potion of curing for 93 gold pieces
  2507 | D        | Bought a scroll labelled DOEKKI BUAKA for 31 gold pieces
  2507 | D        | Bought a scroll of enchant weapon for 232 gold pieces
  2714 | D        | Noticed a centaur warrior
  2714 | D        | Noticed an ogre mage
  2714 | D        | Noticed an ogre mage
  2717 | D        | Killed an ogre mage
  2721 | D        | Reached XP level 12. HP: 99/128 MP: 11/11
  2726 | D        | Killed an ogre mage
  2727 | D        | Reached skill level 25 in Polearms
  2728 | D        | Noticed a rakshasa
  2744 | D        | Killed a centaur warrior
  2745 | D        | Noticed a fire dragon
  2836 | D        | Killed a rakshasa
  2836 | D        | Noticed an ettin
  2839 | D        | Noticed a sphinx
  2845 | D        | Noticed a stone giant
  2849 | D        | Noticed an ettin
  2852 | D        | Killed a fire dragon
  2853 | D        | HP: 6/130 [ettin/+0 dire flail (3)]
  2856 | D        | Killed an ettin
  2857 | D        | Reached skill level 26 in Polearms
  2863 | D        | Killed a sphinx
  2867 | D        | Killed a stone giant
  2868 | D        | Killed an ettin
  2875 | D        | Noticed a stone giant
  2879 | D        | Hit by a large rock thrown by a stone giant

Illustrated notes

Levels and vault maps discovered:
D:        linesprint [early_d, line_temple, items_1, d_10, items_2, lair_1,
          lair_end, items_3, orc_1, orc_end, items_4, d_15, swamp_1, shoals_1,
          snake_1, spider_1, d_20, vaults_1, items_5, swamp_end, shoals_end,
          snake_end, spider_end, vaults_end, d_27, items_6, zot_1, zot_end,
          crypt_end, forest_end, elf_end, slime_end, tomb_end, abyss_end,
          pan_hell_end]

Skill      XL: |  1  2  3  4  5  6  7  8  9 10 11 12 |
---------------+-------------------------------------+-----
Polearms       | 6 7 9 12 13 15 16 19 21 24 26 | 26.6
Fighting       | 5 6 7 9 10 11 12 14 16 18 19 | 19.9
Armour         | 5 6 7 9 10 12 14 16 18 19 | 19.9
Shields        | |  3.6

Action                     |  1- 3 |  4- 6 |  7- 9 | 10-12 || total
---------------------------+-------+-------+-------+-------++-------
  Melee: Trident           |    32 |     8 |       |       ||    40
         Headbutt          |     4 |     6 |     7 |    63 ||    80
         Halberd           |       |    11 |    40 |   248 ||   299
         Bardiche          |       |       |       |    49 ||    49
 Invoke: Call Merchant     |       |       |       |     5 ||     5
    Use: Potion            |     1 |       |     1 |     8 ||    10
         Scroll            |       |       |       |     9 ||     9
   Stab: Distracted        |       |       |       |     2 ||     2
 Armour: Scale mail        |    19 |     3 |       |       ||    22
         Chain mail        |       |    11 |    30 |       ||    41
         Plate armour      |       |       |     5 |   203 ||   208
  Dodge: Dodged            |     8 |     9 |    14 |    47 ||    78
  Block: Buckler           |     4 |       |       |       ||     4
